 Dungeon Crawl Stone Soup version 0.26-a0-712-ga5a9c9c9d0 (webtiles) character file.

Game seed: 5277012043838884718

37 kae the Insei (level 3, 0/21 HPs)
             Began as a Tengu Transmuter on Nov 12, 2020.
             Succumbed to an adder's poison
             ... on level 1 of the Dungeon.
             The game lasted 00:00:32 (1146 turns).

kae the Insei (Tengu Transmuter)                    Turns: 1146, Time: 00:00:32

Health: 0/21       AC:  2    Str: 11    XL:     3   Next: 39%
Magic:  7/7        EV: 12    Int: 13    God:
Gold:   77         SH:  0    Dex: 14    Spells: 5/6 levels left

rFire    . . .     SeeInvis .     - Unarmed
rCold    . . .     Faith    .   (no shield)
rNeg     . . .     Spirit   .   a - +0 robe
rPois    .         Reflect  .   (helmet restricted)
rElec    .         Harm     .   (no cloak)
rCorr    .         Rampage  .   (no gloves)
MR       .....                  (boots unavailable)
Stlth    +.........             (no amulet)
HPRegen  0.07/turn              (no ring)
MPRegen  0.10/turn              (no ring)

@: mighty, lethally poisoned (0 -> -2)
A: beak, talons 3
a: no special abilities


You were on level 1 of the Dungeon.
You visited 1 branch of the dungeon, and saw 2 of its levels.

You collected 77 gold pieces.

Inventory:

Armour
 a - a +0 robe (worn)


   Skills:
 + Level 1.7 Fighting
 - Level 2.1 Dodging
 + Level 3.7 Unarmed Combat
 - Level 2.0 Spellcasting
 * Level 2.4 Transmutations


You had 5 spell levels left.
You knew the following spells:

 Your Spells              Type           Power        Failure   Level
a - Beastly Appendage     Tmut           #.....       10%         1

Your spell library contained the following spells:

 Spells                   Type           Power        Failure   Level
 Wereblood                Tmut           #.......     14%         2
 Spider Form              Tmut/Pois      #.........   43%         3
 Ice Form                 Ice/Tmut       #.......     83%         4
 Blade Hands              Tmut           #.........   95%         5


Dungeon Overview and Level Annotations

Branches:
Dungeon (2/15)

Altars:


Innate Abilities, Weirdness & Mutations

You have a beak for a mouth.
You have claws for feet.


Message History

The adder misses you.
You hit the adder.
You kill the adder!
* * * LOW HITPOINT WARNING * * *
You feel sick.
There is a lethal amount of poison in your body!
There is a lethal amount of poison in your body!
There is a lethal amount of poison in your body!
There is a lethal amount of poison in your body!
As you read the scroll labeled HASYNK CAIN, it crumbles to dust.
The scroll dissolves into smoke.
It was a scroll of fog.
As you read the scroll labeled QIUFOR DORYD, it crumbles to dust.
You hear a loud clanging noise!
It was a scroll of noise.
There is a stone staircase leading down, spattered with blood here.
There is a lethal amount of poison in your body!
There is a lethal amount of poison in your body!
* * * LOW HITPOINT WARNING * * *
You feel sick.
You die...

#.........##.#.# ##..#####.#
#.........##.#.#######.......#
#.........##.#......###...##..
#.........##.#.####..##.......
#########.##.#.# ##........#.
#.##.#.# ###......##.
#####.##§#§####...........
#...#.##§#§§.............#
#........@§§###...###..#..
#....(..§§§§§...#.# #..##.
#...##..###§####..# #..##.
#...##..# #.##...#####.##.
#...###.###.##.....)...##.
#...# #...#.#########.....
#######.#.#.### ##.###
#..#.....#######...##
#.####.#...........#


There were no monsters in sight!

Vanquished Creatures
  An adder (D:1)
  2 leopard geckos (D:1)
  7 bats (D:1)
  2 giant cockroaches (D:1)
  4 goblins (D:1)
  2 jackals (D:1)
  2 kobolds (D:1)
  A ball python (D:1)
  A frilled lizard (D:1)
  3 rats (D:1)
25 creatures vanquished.

Notes
Turn   | Place    | Note
-------+----------+-------------------------------------------
     0 | D:1      | kae the Tengu Transmuter began the quest for the Orb.
     0 | D:1      | Reached XP level 1. HP: 12/12 MP: 4/4
   312 | D:1      | Reached XP level 2. HP: 16/16 MP: 4/6
   752 | D:1      | Reached XP level 3. HP: 18/20 MP: 7/7
  1142 | D:1      | HP: 1/21 [poisoned by an adder]
  1146 | D:1      | Succumbed to an adder's poison

Illustrated notes

Levels and vault maps discovered:
D:1:      dpeg_arrival_tiny_i, layout_rooms, minmay_hexomino_c4
D:2:      layout_loops_cross, nicolae_dithmenos_through_a_glass_darkly,
          uniq_sigmund

Skill      XL: |  1  2 |
---------------+-------+-----
Transmutations | 2 |  2.4
Fighting       | |  1.7
Dodging        | |  2.1
Unarmed Combat | |  3.7
Spellcasting   | |  2.0

Action                   || total
-------------------------++-------
Melee: Unarmed           ||    68
       Peck              ||     7
       Kick              ||    11
       Headbutt          ||     3
 Cast: Beastly Appendage ||     9
  Use: Scroll            ||     2
       Potion            ||     2
 Stab: Sleeping          ||     2
Armor: Robe              ||    15
Dodge: Dodged            ||    57

Table legend: (Time is in decaauts)
 A = Elapsed time spent in this place.
 B = Non-inter-level travel time spent in this place.
 C = Inter-level travel time spent in this place.
 D = Time resting spent in this place.
 E = Time spent auto-exploring this place.
 F = Levels seen in this place.
 G = Mean time per level.
                   A        B        C        D        E       F      G
               +--------+--------+--------+--------+--------+-----+--------+
         Total |   1142 |   1108 |     34 |      0 |    960 |   2 |  571.0 |
       Dungeon |   1142 |   1108 |     34 |      0 |    960 |   2 |  571.0 |
               +--------+--------+--------+--------+--------+-----+--------+

Top non-repeatable levels by time:
     D:1: 1131 daAuts
     D:2: 11 daAuts
